[Event "41st Amateur D7"]
[Site "ChessGUI4"]
[Date "2013.07.05"]
[Round "9.5"]
[White "Tigran 2.3 64-bit"]
[Black "FireFly 2.6.0 64-bit"]
[Result "1-0"]
[BlackElo "2258"]
[ECO "B63"]
[EventDate "2013.??.??"]
[TimeControl "40/1500:40/1500:40/1500"]
[WhiteElo "2289"]

{ i5 Quad } 1.e4 c5 2.Nf3 d6 3.d4 cxd4 4.Nxd4 Nf6 5.Nc3 Nc6 6.Bg5 e6 7.Qd2 Be7 8.O-O-O O-O 9.Kb1 Nxd4 { [%eval -45,13] [%emt 0:00:57] (Nxd4) } 10.Qxd4
{ [%eval 35,12] [%emt 0:00:42] (Qxd4) } 10...e5
{ [%eval -38,13] [%emt 0:00:56] (Qa5) } 11.Qd2
{ [%eval 27,13] [%emt 0:00:42] (Qd2) } 11...Be6
{ [%eval -46,13] [%emt 0:00:55] (Be6) } 12.f4
{ [%eval 35,13] [%emt 0:00:42] (Bxf6) } 12...exf4
{ [%eval -35,12] [%emt 0:00:55] (exf4) } 13.Bxf4
{ [%eval 32,13] [%emt 0:00:34] (Bxf4) } 13...Rc8
{ [%eval -31,11] [%emt 0:00:45] (Rc8) } 14.Be2
{ [%eval 32,12] [%emt 0:00:43] (Bd3) } 14...Qc7
{ [%eval -39,10] [%emt 0:00:45] (Qc7) } 15.h4
{ [%eval 26,12] [%emt 0:00:44] (Rhf1) } 15...Rfe8
{ [%eval -19,10] [%emt 0:00:44] (Rfd8) } 16.a3
{ [%eval 32,12] [%emt 0:00:44] (Bf3) } 16...Red8
{ [%eval 0,11] [%emt 0:00:44] (Red8) } 17.h5
{ [%eval 37,11] [%emt 0:00:36] (Qd4) } 17...Qc6
{ [%eval -15,11] [%emt 0:00:43] (Qb6) } 18.Bf3
{ [%eval 76,13] [%emt 0:00:44] (h6) } 18...Qc4
{ [%eval -64,10] [%emt 0:00:43] (Qa6) } 19.h6
{ [%eval 92,12] [%emt 0:00: 44] (Qe3) } 19...g6
{ [%eval -103,11] [%emt 0:00:43] (g6) } 20.Bg5
{ [%eval 75,13] [%emt 0:00:44] (Qd4) } 20...Rc5
{ [%eval -89,11] [%emt 0:00:42] (Qc5) } 21.Be3
{ [%eval 115,12] [%emt 0:00:44] (Be3) } 21...Ra5
{ [%eval -104,11] [%emt 0:00:42] (Re5) } 22.Nd5
{ [%eval 161,13] [%emt 0:00:45] (Nd5) } 22...Bxd5
{ [%eval -109,12] [%emt 0:00: 42] (Bxd5) } 23.exd5
{ [%eval 176,13] [%emt 0:00:45] (exd5) } 23...Qc7
{ [%eval -110, 11] [%emt 0:00:41] (b6) } 24.Bg5
{ [%eval 223,13] [%emt 0:00:45] (Rhe1) } 24...Rc8
{ [%eval -185,11] [%emt 0:00:41] (Rc8) } 25.Rhe1
{ [%eval 230,14] [%emt 0:00:46] (Rde1) } 25...Rc5
{ [%eval -270,12] [%emt 0:00:40] (Ra4) } 26.Qe3
{ [%eval 287,14] [%emt 0:00:42] (c3) } 26...Kf8
{ [%eval -318,12] [%emt 0:00:40] (Kf8) } 27.Qxe7+
{ [%eval 312,16] [%emt 0:00:47] (Qxe7) } 27...Qxe7
{ [%eval -375,14] [%emt 0:00:39] (Qxe7) } 28.Rxe7
{ [%eval 323,17] [%emt 0:00:46] (Rxe7) } 28...Kxe7
{ [%eval -385,15] [%emt 0:00:31] (Kxe7) } 29.Re1+
{ [%eval 336,16] [%emt 0:00:47] (Re1) } 29...Kf8
{ [%eval -362,14] [%emt 0:00:31] (Kf8) } 30.Bxf6
{ [%eval 333,17] [%emt 0:00:47] (Bxf6) } 30...Kg8
{ [%eval -362,13] [%emt 0:00:31] (R5c7) } 31.c3
{ [%eval 332,16] [%emt 0:00:48] (Re2) } 31...R5c7
{ [%eval -364,13] [%emt 0:00:31] (R5c7) } 32.Kc2
{ [%eval 337,16] [%emt 0:00:48] (g4) } 32...b5
{ [%eval -378,13] [%emt 0:00:31] (b5) } 33.Kd2
{ [%eval 345,16] [%emt 0:00:49] (g4) } 33...a5
{ [%eval -376,13] [%emt 0:00:31] (a6) } 34.Re7
{ [%eval 373,17] [%emt 0:00:49] (g4) } 34...Rxe7
{ [%eval -357,15] [%emt 0:00:31] (Kf8) } 35.Bxe7
{ [%eval 402,17] [%emt 0:00:50] (Bxe7) } 35...f5
{ [%eval -413,16] [%emt 0:00:31] (f5) } 36.Bxd6
{ [%eval 442,18] [%emt 0:00:41] (Bxd6) } 36...Kf7
{ [%eval -402,15] [%emt 0:00:31] (Kf7) } 37.a4
{ [%eval 470,18] [%emt 0:00: 48] (Be5) } 37...bxa4
{ [%eval -406,15] [%emt 0:00:31] (bxa4) } 38.Ba3
{ [%eval 473,17] [%emt 0:00:59] (Be5) } 38...g5
{ [%eval -390,15] [%emt 0:00:31] (g5) } 39.Bd1
{ [%eval 487,18] [%emt 0:01:01] (d6) } 39...g4
{ [%eval -405,15] [%emt 0:00:31] (g4) } 40.Bxa4
{ [%eval 510,18] [%emt 0:01:04] (d6) } 40...f4
{ [%eval -408,15] [%emt 0:00: 31] (f4) } 41.d6
{ [%eval 517,17] [%emt 0:00:34] (Bd6) } 41...Ke6
{ [%eval -394,14] [%emt 0:00:36] (Rd8) } 42.d7
{ [%eval 567,17] [%emt 0:00:27] (c4) } 42...Rd8
{ [%eval -423,15] [%emt 0:00:36] (Rd8) } 43.Kd3
{ [%eval 579,17] [%emt 0:00:34] (Kd3) } 43...f3
{ [%eval -474,16] [%emt 0:00:36] (Rb8) } 44.gxf3
{ [%eval 667,18] [%emt 0:00:34] (gxf3) } 44...gxf3
{ [%eval -551,17] [%emt 0:00:36] (gxf3) } 45.Ke3
{ [%eval 689,18] [%emt 0:00:34] (Ke3) } 45...f2
{ [%eval -570,16] [%emt 0:00:36] (f2) } 46.Kxf2
{ [%eval 762,19] [%emt 0:00:34] (Kxf2) } 46...Kf7
{ [%eval -653,16] [%emt 0:00:36] (Rxd7) } 47.Bd6
{ [%eval 895,20] [%emt 0:00:32] (b4) } 47...Ke6
{ [%eval -674,18] [%emt 0:00:36] (Ke6) } 1-0

[Event "41st Amateur D7"]
[Site "ChessGUI4"]
[Date "2013.07.05"]
[Round "10.1"]
[White "Carballo 0.8"]
[Black "Waxman 2011"]
[Result "1-0"]
[BlackElo "2256"]
[ECO "D12"]
[EventDate "2013.??.??"]
[TimeControl "40/1500:40/1500:40/1500"]
[WhiteElo "2273"]

{ i5 Quad } 1.d4 d5 2.c4 c6 3.Nf3 Nf6 4.e3 Bf5 5.Nc3 e6 6.Bd3 Bxd3 7.Qxd3 Nbd7 8.O-O Bb4 9.cxd5 exd5 { [%eval -10,13] [%emt 0:00:39] (exd5) } 10.a3
{ [%eval 30,14] [%emt 0:00:36] (Bd2) } 10...Bxc3
{ [%eval 6,13] [%emt 0:00:40] (Bxc3) } 11.bxc3
{ [%eval 27,14] [%emt 0:00:35] (Qxc3) } 11...O-O
{ [%eval 11,13] [%emt 0:00:40] (O-O) } 12.a4
{ [%eval 31,14] [%emt 0: 00:34] (a4) } 12...Re8
{ [%eval 8,13] [%emt 0:00:47] (Re8) } 13.Rb1
{ [%eval 26,13] [%emt 0:00:33] (Ba3) } 13...Rb8
{ [%eval 21,13] [%emt 0:01:11] (Nb6) } 14.Nd2
{ [%eval 16,12] [%emt 0:00:32] (Nd2) } 14...Nb6
{ [%eval 13,14] [%emt 0:00:56] (Nb6) } 15.Qc2
{ [%eval 13,13] [%emt 0:00:32] (a5) } 15...Qd6
{ [%eval 33,12] [%emt 0:01:03] (Qd6) } 16.g3
{ [%eval 16,13] [%emt 0:00:31] (f3) } 16...Ne4
{ [%eval 39,12] [%emt 0: 00:40] (h6) } 17.Nxe4
{ [%eval 19,15] [%emt 0:00:30] (Nxe4) } 17...dxe4
{ [%eval 24,13] [%emt 0:01:21] (Qg6) } 18.c4
{ [%eval 31,14] [%emt 0:00:29] (Rb4) } 18...Qe6
{ [%eval 16,13] [%emt 0:00:36] (Qe6) } 19.Rb4
{ [%eval 20,15] [%emt 0:00:29] (Rb4) } 19...Rec8
{ [%eval 6,12] [%emt 0:00:39] (Rec8) } 20.Qa2
{ [%eval 19,13] [%emt 0:00:28] (Ba3) } 20...c5
{ [%eval 27,12] [%emt 0:00:31] (h5) } 21.d5
{ [%eval 32,14] [%emt 0:00: 27] (d5) } 21...Qf6
{ [%eval 42,13] [%emt 0:00:55] (Qg6) } 22.Rb2
{ [%eval 28,14] [%emt 0:00:26] (Rb2) } 22...Re8
{ [%eval 19,13] [%emt 0:00:40] (Rc7) } 23.Rb5
{ [%eval 46,14] [%emt 0:00:26] (Rb5) } 23...Nd7
{ [%eval 9,12] [%emt 0:00:30] (Nd7) } 24.Qb2
{ [%eval 40,14] [%emt 0:00:25] (Bb2) } 24...Ne5
{ [%eval 32,14] [%emt 0:00:48] (Qa6) } 25.Rxb7
{ [%eval 25,14] [%emt 0:00:24] (Rxb7) } 25...Rxb7
{ [%eval 8,14] [%emt 0:00:40] (Rxb7) } 26.Qxb7
{ [%eval 5,17] [%emt 0:00:24] (Qxb7) } 26...Qh6
{ [%eval 4, 14] [%emt 0:00:36] (Qb6) } 27.Kg2
{ [%eval 32,15] [%emt 0:00:23] (h4) } 27...Qb6
{ [%eval -8,14] [%emt 0:00:37] (Qb6) } 28.Qxb6
{ [%eval 34,16] [%emt 0:00:23] (Qxb6) } 28...axb6
{ [%eval -9,15] [%emt 0:00:09] (axb6) } 29.a5
{ [%eval 23,16] [%emt 0:00:22] (a5) } 29...Nxc4
{ [%eval -37,16] [%emt 0:00:44] (Nxc4) } 30.axb6
{ [%eval 19, 15] [%emt 0:00:21] (axb6) } 30...Nxb6
{ [%eval -34,16] [%emt 0:01:00] (Rb8) } 31.d6
{ [%eval 32,16] [%emt 0:00:21] (Ba3) } 31...Ra8
{ [%eval -30,16] [%emt 0:01:39] (Nc4) } 32.Rd1
{ [%eval 48,14] [%emt 0:00:20] (Rd1) } 32...f6
{ [%eval 0,16] [%emt 0:01:10] (h5) } 33.g4
{ [%eval 48,14] [%emt 0:00:20] (f3) } 33...Ra1
{ [%eval 0,16] [%emt 0:00: 39] (Nc4) } 34.Kg3
{ [%eval 19,14] [%emt 0:00:19] (Kg3) } 34...c4
{ [%eval -32,16] [%emt 0:01:01] (g5) } 35.Kf4
{ [%eval 96,15] [%emt 0:00:19] (Kf4) } 35...c3
{ [%eval -51,15] [%emt 0:00:41] (c3) } 36.Kxe4
{ [%eval 96,14] [%emt 0:00:18] (Kxe4) } 36...c2
{ [%eval -64,14] [%emt 0:00:26] (c2) } 37.Rf1
{ [%eval 84,14] [%emt 0:00:18] (Re1) } 37...Ra2
{ [%eval -66,14] [%emt 0:00:56] (Kf7) } 38.f4
{ [%eval 109,14] [%emt 0:00:17] (Kd3) } 38...Kf7
{ [%eval -57,13] [%emt 0:00:13] (Kf7) } 39.Kd3
{ [%eval 118, 15] [%emt 0:00:17] (Kd3) } 39...Nd7
{ [%eval -66,13] [%emt 0:00:15] (Ke6) } 40.Kc3
{ [%eval 114,15] [%emt 0:00:17] (Bd2) } 40...Nc5
{ [%eval -60,12] [%emt 0:00:09] (Ra6) } 41.Kc4
{ [%eval 98,15] [%emt 0:00:54] (Rg1) } 41...Ne4
{ [%eval -56,14] [%emt 0:00:46] (Ne4) } 42.d7
{ [%eval 82,16] [%emt 0:00:52] (Rg1) } 42...Ke7
{ [%eval -66,14] [%emt 0: 00:33] (Ke7) } 43.Kb3
{ [%eval 74,15] [%emt 0:00:51] (h4) } 43...Ra7
{ [%eval -65,15] [%emt 0:00:31] (Ra7) } 44.d8=Q+
{ [%eval 75,16] [%emt 0:00:50] (Kxc2) } 44...Kxd8
{ [%eval -64,12] [%emt 0:00:41] (Kxd8) } 45.Kxc2
{ [%eval 71,17] [%emt 0:00:48] (Kxc2) } 45...Rd7
{ [%eval -76,14] [%emt 0:00:36] (Rd7) } 46.f5
{ [%eval 71,14] [%emt 0:00:47] (h4) } 46...Ke8
{ [%eval -81,14] [%emt 0:00:34] (g5) } 47.Rf4
{ [%eval 78,17] [%emt 0:00:46] (Rf4) } 47...Rc7+
{ [%eval -102,16] [%emt 0:00:37] (Rc7) } 48.Kd1
{ [%eval 86,17] [%emt 0:00:45] (Kd1) } 48...Nc3+
{ [%eval -101,16] [%emt 0:00:36] (Nc3) } 49.Kd2
{ [%eval 86,18] [%emt 0:00:44] (Ke1) } 49...Nb1+
{ [%eval 0,18] [%emt 0:00:45] (Nb1) } 50.Kd1
{ [%eval 86,18] [%emt 0:00:43] (Kd1) } 50...Nc3+
{ [%eval 0,18] [%emt 0: 00:09] (Nc3) } 51.Ke1 Kf7
{ [%eval -125,16] [%emt 0:00:54] (Nd5) } 52.Bd2
{ [%eval 101,17] [%emt 0:00:40] (Bd2) } 52...Nb5
{ [%eval -128,16] [%emt 0:01:02] (g5) } 53.Ke2
{ [%eval 112,16] [%emt 0:00:39] (Bb4) } 53...Nd6
{ [%eval -127,14] [%emt 0:00:36] (g5) } 54.Kd3
{ [%eval 123,16] [%emt 0:00:38] (Kd3) } 54...Ke8
{ [%eval -133,14] [%emt 0:00:48] (g5) } 55.Bc3
{ [%eval 132, 16] [%emt 0:00:37] (Ra4) } 55...Nf7
{ [%eval -133,14] [%emt 0:00:38] (Rd7) } 56.h4
{ [%eval 136,15] [%emt 0:00:37] (Re4) } 56...Rd7+
{ [%eval -136,14] [%emt 0:00:41] (Rd7) } 57.Ke2
{ [%eval 139,15] [%emt 0:00:36] (Ke2) } 57...Rc7
{ [%eval -132,15] [%emt 0: 00:34] (Ra7) } 58.Re4+
{ [%eval 140,17] [%emt 0:00:35] (Re4) } 58...Kd7
{ [%eval -141, 15] [%emt 0:00:52] (Kd7) } 59.Kd3
{ [%eval 140,17] [%emt 0:00:34] (Kd3) } 59...Kc8
{ [%eval -144,14] [%emt 0:00:35] (Ra7) } 60.Re6
{ [%eval 144,15] [%emt 0:00:33] (Ra4) } 60...Kb7
{ [%eval -140,14] [%emt 0:00:32] (Kd7) } 61.Bb2
{ [%eval 138,15] [%emt 0:00:32] (Bd4) } 61...Kc8
{ [%eval -143,14] [%emt 0:00:36] (Rd7) } 62.Ke4
{ [%eval 148,15] [%emt 0:00:31] (Ke4) } 62...Rc2
{ [%eval -144,14] [%emt 0:00:29] (Rc2) } 63.Re7
{ [%eval 153,17] [%emt 0:00:31] (Bd4) } 63...Rxb2
{ [%eval -171,17] [%emt 0:00: 29] (Rxb2) } 64.Rxf7
{ [%eval 189,18] [%emt 0:00:30] (Rxf7) } 64...Rb4+
{ [%eval -204, 19] [%emt 0:00:23] (Rb4) } 65.Kf3
{ [%eval 168,18] [%emt 0:00:29] (Kf3) } 65...Rb7
{ [%eval -219,19] [%emt 0:00:26] (Rb7) } 66.Rf8+
{ [%eval 199,17] [%emt 0:00:28] (Rf8) } 66...Kc7
{ [%eval -226,18] [%emt 0:00:29] (Kc7) } 67.g5
{ [%eval 189,16] [%emt 0:00:28] (g5) } 67...Kd6
{ [%eval -242,18] [%emt 0:00:35] (fxg5) } 68.gxf6
{ [%eval 226,17] [%emt 0:00:27] (Kf4) } 68...gxf6
{ [%eval -234,20] [%emt 0:01:02] (gxf6) } 69.Rxf6+
{ [%eval 229,17] [%emt 0:00:26] (Rxf6) } 69...Ke5
{ [%eval -235,20] [%emt 0:00: 55] (Ke5) } 70.Rf8
{ [%eval 231,18] [%emt 0:00:25] (Rf8) } 70...h5
{ [%eval -237,20] [%emt 0:00:33] (h5) } 71.Rh8
{ [%eval 233,18] [%emt 0:00:25] (Rh8) } 71...Rb1
{ [%eval -237,20] [%emt 0:00:37] (Kxf5) } 72.Rxh5
{ [%eval 250,18] [%emt 0:00:24] (Rxh5) } 72...Rg1
{ [%eval -269,14] [%emt 0:00:29] (Rf1) } 73.e4
{ [%eval 268,17] [%emt 0:00:24] (e4) } 73...Rf1+
{ [%eval -301,16] [%emt 0:00:35] (Rf1) } 74.Ke3
{ [%eval 272,18] [%emt 0:00:23] (Ke3) } 74...Re1+
{ [%eval -312,16] [%emt 0:00:37] (Re1) } 75.Kd3
{ [%eval 277,16] [%emt 0:00:22] (Kd3) } 75...Rd1+
{ [%eval -275,16] [%emt 0: 00:40] (Rd1) } 76.Ke2
{ [%eval 265,19] [%emt 0:00:22] (Ke2) } 76...Ra1
{ [%eval -230, 15] [%emt 0:00:38] (Rc1) } 77.Kf3
{ [%eval 240,17] [%emt 0:00:21] (f6) } 77...Rf1+
{ [%eval 0,16] [%emt 0:00:36] (Rf1) } 78.Ke3 Re1+
{ [%eval 0,18] [%emt 0:00:46] (Re1) } 79.Kd3 Rd1+
{ [%eval 0,16] [%emt 0:00:23] (Rd1) } 80.Ke2 Ra1
{ [%eval 0,16] [%emt 0:00:20] (Rc1) } 81.f6+ Kxf6
{ [%eval -282,16] [%emt 0:01:32] (Kxf6) } 82.Rf5+
{ [%eval 240,19] [%emt 0:00:55] (Rf5) } 82...Ke6
{ [%eval -283,17] [%emt 0:01:29] (Ke6) } 83.Rc5
{ [%eval 238,17] [%emt 0:00:54] (h5) } 83...Rh1
{ [%eval -283,16] [%emt 0:01:13] (Ra3) } 84.h5
{ [%eval 237,18] [%emt 0:00:53] (h5) } 84...Kd6
{ [%eval -283,16] [%emt 0:00:52] (Rh3) } 85.Ra5
{ [%eval 239,19] [%emt 0:00:51] (Rf5) } 85...Ke6
{ [%eval -283,16] [%emt 0:00:56] (Ke6) } 86.Kf3
{ [%eval 240,18] [%emt 0:00:50] (Ke3) } 86...Kf6
{ [%eval -283,16] [%emt 0:00:58] (Kf6) } 87.Rf5+
{ [%eval 242,19] [%emt 0:00:49] (Rf5) } 87...Ke6
{ [%eval -283,16] [%emt 0:00:21] (Ke6) } 88.Rg5
{ [%eval 239,18] [%emt 0:00:47] (Ke3) } 88...Kf6
{ [%eval -282,16] [%emt 0:00:49] (Kf6) } 89.Rg6+
{ [%eval 246,18] [%emt 0:00:46] (Ra5) } 89...Ke5
{ [%eval -232,15] [%emt 0:00:29] (Ke5) } 90.h6
{ [%eval 255,20] [%emt 0:00:45] (Ra6) } 90...Rh3+
{ [%eval -353,16] [%emt 0:01: 49] (Rh3) } 91.Kg2
{ [%eval 261,22] [%emt 0:00:44] (Kg4) } 91...Rh4
{ [%eval -324,15] [%emt 0:01:18] (Rh4) } 92.Kg3
{ [%eval 237,21] [%emt 0:00:43] (Kg3) } 92...Rh5
{ [%eval -354,15] [%emt 0:00:27] (Rh1) } 93.Ra6
{ [%eval 244,19] [%emt 0:00:42] (Rb6) } 93...Rh1
{ [%eval -343,15] [%emt 0:00:26] (Rh1) } 94.Kf3
{ [%eval 267,18] [%emt 0:00:41] (Rb6) } 94...Rh4
{ [%eval -354,16] [%emt 0:00:41] (Rh4) } 95.Ra5+
{ [%eval 245,19] [%emt 0:00:40] (Rb6) } 95...Kf6
{ [%eval -233,15] [%emt 0:00:51] (Kf6) } 96.Ra7
{ [%eval 348,19] [%emt 0:00:39] (Ra7) } 96...Rh1
{ [%eval -364,16] [%emt 0:01: 27] (Ke5) } 97.h7
{ [%eval 366,20] [%emt 0:00:38] (Kf2) } 97...Ke5
{ [%eval -364,14] [%emt 0:00:29] (Ke5) } 98.Kg2
{ [%eval 357,20] [%emt 0:00:37] (Kg2) } 98...Rh6
{ [%eval -333,14] [%emt 0:00:20] (Rh6) } 99.Kg3
{ [%eval 358,20] [%emt 0:00:36] (Kg3) } 99...Rh1
{ [%eval -364,14] [%emt 0:00:26] (Rh1) } 100.Kg2
{ [%eval 348,17] [%emt 0:00:35] (Kf3) } 100...Rh6
{ [%eval 0,16] [%emt 0:00:37] (Rh4) } 101.Kg3 Rh1
{ [%eval 0,16] [%emt 0:00:25] (Rh1) } 102.Kf3 Rh4
{ [%eval -364,14] [%emt 0:00:24] (Rh4) } 103.Rd7
{ [%eval 348,19] [%emt 0:00:32] (Rc7) } 103...Kf6
{ [%eval -364,15] [%emt 0:00:23] (Rf4) } 104.Kg3
{ [%eval 368,19] [%emt 0:00:31] (Kg3) } 104...Rh5
{ [%eval -364,16] [%emt 0:00:20] (Rh5) } 105.Kg4
{ [%eval 369,18] [%emt 0:00:31] (Kg4) } 105...Rh2
{ [%eval -435,15] [%emt 0:00:35] (Rh1) } 106.Ra7
{ [%eval 368,19] [%emt 0:00:30] (e5) } 106...Rh1
{ [%eval -435,14] [%emt 0:00:24] (Rh1) } 107.Rb7
{ [%eval 359,18] [%emt 0:00:29] (e5) } 107...Rg1+
{ [%eval -364,14] [%emt 0:00:11] (Rg1) } 108.Kf4
{ [%eval 344,19] [%emt 0:00:28] (Kf4) } 108...Rf1+
{ [%eval -364,15] [%emt 0:00:14] (Rf1) } 109.Ke3
{ [%eval 355,21] [%emt 0:00:28] (Ke3) } 109...Rh1
{ [%eval -364,14] [%emt 0: 00:11] (Re1) } 110.Kd4
{ [%eval 361,19] [%emt 0:00:27] (Kd4) } 110...Ke6
{ [%eval -365, 14] [%emt 0:00:19] (Rd1) } 111.Rc7
{ [%eval 357,16] [%emt 0:00:26] (Kc5) } 111...Rh2
{ [%eval -365,14] [%emt 0:00:13] (Kf6) } 112.Rc6+
{ [%eval 838,18] [%emt 0:00:26] (Ra7) } 112...Kf7
{ [%eval -365,14] [%emt 0:00:10] (Kd7) } 113.Rc8
{ [%eval 1055,21] [%emt 0:00:25] (e5) } 113...Rxh7
{ [%eval -364,13] [%emt 0:00:12] (Rxh7) } 1-0

[Event "41st Amateur D7"]
[Site "ChessGUI4"]
[Date "2013.07.05"]
[Round "10.2"]
[White "ProChess 1.02AD"]
[Black "Gibbon 2.57a 64-bit"]
[Result "1-0"]
[BlackElo "2251"]
[ECO "E41"]
[EventDate "2013.??.??"]
[TimeControl "40/1500:40/1500:40/1500"]
[WhiteElo "2244"]

{ i5 Quad } 1.d4 Nf6 2.c4 e6 3.Nc3 Bb4 4.e3 c5 5.Bd3 Nc6 6.Nf3 Bxc3+ 7.bxc3 d6 8.O-O e5 9.d5 Na5
{ [%eval -10,15] [%emt 0:01:50] (e4) } 10.e4
{ [%eval 50,13] [%emt 0:01:17] (e4) } 10...O-O
{ [%eval -7,15] [%emt 0:01: 27] (Bg4) } 11.h3
{ [%eval 46,13] [%emt 0:01:37] (Rb1) } 11...b6
{ [%eval -2,13] [%emt 0:00:28] (Bd7) } 12.Be3
{ [%eval 57,13] [%emt 0:01:26] (Qe2) } 12...Kh8
{ [%eval 0,13] [%emt 0:00:39] (Bb7) } 13.Nd2
{ [%eval 61,12] [%emt 0:00:48] (Rb1) } 13...Qd7
{ [%eval -2,14] [%emt 0:00:42] (Bb7) } 14.Bg5
{ [%eval 65,12] [%emt 0:00:31] (Rb1) } 14...Ng8
{ [%eval 4,15] [%emt 0:01:12] (Ng8) } 15.f4
{ [%eval 67,11] [%emt 0:00:40] (Rb1) } 15...h6
{ [%eval 97,12] [%emt 0:00:20] (Bb7) } 16.Bh4
{ [%eval 62,12] [%emt 0: 01:21] (Bh4) } 16...exf4
{ [%eval 78,13] [%emt 0:00:27] (exf4) } 17.Rxf4
{ [%eval 60, 12] [%emt 0:00:47] (Rxf4) } 17...Ba6
{ [%eval 78,13] [%emt 0:00:16] (Ne7) } 18.Qh5
{ [%eval 89,10] [%emt 0:00:31] (Qh5) } 18...g6
{ [%eval 66,13] [%emt 0:00:29] (f6) } 19.Qe2
{ [%eval 90,11] [%emt 0:01:00] (Qf3) } 19...Rae8
{ [%eval 71,11] [%emt 0:00:18] (Rae8) } 20.Bg3
{ [%eval 83,10] [%emt 0:01:18] (Raf1) } 20...Kh7
{ [%eval 64,11] [%emt 0:00:20] (Ne7) } 21.Qf3
{ [%eval 98,11] [%emt 0:01:09] (Nb3) } 21...Re7
{ [%eval 60,12] [%emt 0:01:10] (Kg7) } 22.Qf2
{ [%eval 125,9] [%emt 0:00:16] (Qg4) } 22...Kg7
{ [%eval 62,12] [%emt 0:00:20] (Qa4) } 23.Rf3
{ [%eval 112,10] [%emt 0:00:47] (Rf3) } 23...f6
{ [%eval 50,12] [%emt 0:00:19] (Ree8) } 24.Bf4
{ [%eval 103,10] [%emt 0:01:29] (Re1) } 24...Rd8
{ [%eval 53,13] [%emt 0:00:35] (g5) } 25.Rg3
{ [%eval 110,9] [%emt 0:00:17] (Rg3) } 25...g5
{ [%eval 51,12] [%emt 0:00:27] (Qa4) } 26.Be2
{ [%eval 96,9] [%emt 0:00:15] (Kh1) } 26...Qa4
{ [%eval 53,11] [%emt 0:00:13] (Qa4) } 27.Qf1
{ [%eval 81,10] [%emt 0:00:13] (Bd1) } 27...Qc2
{ [%eval 52,11] [%emt 0:00:14] (Rb7) } 28.Bd1
{ [%eval 90,10] [%emt 0:00:13] (Qe1) } 28...Qb2
{ [%eval 61,13] [%emt 0:00:18] (Qb2) } 29.Bb3
{ [%eval 75,11] [%emt 0:00:16] (Bb3) } 29...Kh8
{ [%eval 40,12] [%emt 0: 00:17] (Ree8) } 30.Rb1
{ [%eval 90,13] [%emt 0:00:29] (Rb1) } 30...Qa3
{ [%eval 37,14] [%emt 0:00:21] (Qa3) } 31.Be3
{ [%eval 87,12] [%emt 0:00:31] (Be3) } 31...h5
{ [%eval 33,13] [%emt 0:00:24] (Bb7) } 32.Rf3
{ [%eval 101,10] [%emt 0:00:21] (Rf3) } 32...Kg7
{ [%eval 38,12] [%emt 0:00:20] (Kg7) } 33.Ra1
{ [%eval 98,10] [%emt 0:00:24] (Qc1) } 33...Re5
{ [%eval 35,11] [%emt 0:00:10] (Qb2) } 34.Rf2
{ [%eval 146,10] [%emt 0:00:11] (Rf5) } 34...Nb7
{ [%eval -40,13] [%emt 0:00:46] (Nb7) } 35.g3
{ [%eval 139, 10] [%emt 0:00:35] (Nf3) } 35...Rb8
{ [%eval 23,11] [%emt 0:00:20] (Re7) } 36.Qd3
{ [%eval 151,10] [%emt 0:00:18] (Re1) } 36...Rbe8
{ [%eval 17,11] [%emt 0:00:11] (Qa5) } 37.Bd1
{ [%eval 146,9] [%emt 0:00:05] (Bd1) } 37...h4
{ [%eval -26,11] [%emt 0:00:14] (h4) } 38.gxh4
{ [%eval 154,11] [%emt 0:00:14] (gxh4) } 38...gxh4
{ [%eval -63,12] [%emt 0:00:26] (gxh4) } 39.Bb3
{ [%eval 168,10] [%emt 0:00:17] (Rg2) } 39...Kf8
{ [%eval -51,11] [%emt 0:00:16] (Kf7) } 40.Rf4
{ [%eval 183,9] [%emt 0:00:07] (Rg2) } 40...Na5
{ [%eval -44,11] [%emt 0:00:16] (Na5) } 41.Rd1
{ [%eval 196,12] [%emt 0:02:04] (Rxh4) } 41...Qb2
{ [%eval -56,12] [%emt 0:00:30] (Nxb3) } 42.Rxh4
{ [%eval 210,13] [%emt 0:02:01] (Rb1) } 42...R5e7
{ [%eval -95,13] [%emt 0:01:06] (Nxb3) } 43.Bf4
{ [%eval 210,12] [%emt 0:01:15] (Kh1) } 43...Rg7+
{ [%eval -105,13] [%emt 0:00:37] (Nxb3) } 44.Kh1
{ [%eval 223,13] [%emt 0:01:52] (Kh1) } 44...Nb7
{ [%eval -159,14] [%emt 0:01:50] (Rd8) } 45.Qf3
{ [%eval 265,12] [%emt 0:00:56] (13) } 45...Ree7
{ [%eval -226,13] [%emt 0:00:27] (Ke7) } 46.Nf1
{ [%eval 417,13] [%emt 0:01:09] (Nf1) } 46...Qa3
{ [%eval -279,14] [%emt 0:00:39] (Na5) } 47.Rh8
{ [%eval 523,13] [%emt 0:01:19] (Ng3) } 47...Rh7
{ [%eval -490,12] [%emt 0:00:49] (Rh7) } 48.Bc1
{ [%eval 530,14] [%emt 0:00:54] (Bc1) } 48...Qxc1
{ [%eval -490,15] [%emt 0:01:10] (Rxh8) } 49.Rxg8+
{ [%eval 543,14] [%emt 0:00:53] (Rxg8) } 49...Kxg8
{ [%eval -504,16] [%emt 0:00:40] (Kxg8) } 50.Rxc1
{ [%eval 551,13] [%emt 0:01:04] (Rxc1) } 50...Rxh3+
{ [%eval -540,15] [%emt 0:01:02] (Na5) } 1-0